 Dungeon Crawl Stone Soup version 0.21-a0-513-gdcb3f5e (webtiles) character file.

46 slep the Chopper (level 3, -5/18 HPs)
             Began as a Vine Stalker Gladiator on Dec 2, 2017.
             Slain by a worm (6 damage)
             ... on level 2 of the Dungeon.
             The game lasted 00:02:34 (863 turns).

slep the Chopper (Vine Stalker Gladiator)            Turns: 863, Time: 00:02:34

Health: -5/18      AC:  6    Str: 16    XL:     3   Next: 66%
Magic:  0/4        EV: 11    Int: 10    God:
Gold:   39         SH:  3    Dex: 16    Spells: 2/2 levels left

rFire    . . .     SeeInvis .   a - +0 war axe
rCold    . . .     Gourm    .   i - +0 buckler
rNeg     . . .     Faith    .   m - +0 ring mail (curse)
rPois    .         Spirit   +   c - +0 helmet
rElec    .         Reflect  .   (no cloak)
rCorr    .         Harm     .   (no gloves)
MR       .....                  (no boots)
Stlth    +.........             (no amulet)
HPRegen  0.06/turn              k - +2 ring of intelligence
MPRegen  0.09/turn              (no ring)

@: no status effects
A: fangs 2, magic shield, antimagic bite, no potion heal 3, rot immunity
a: no special abilities


You were on level 2 of the Dungeon.
You were not hungry.

You visited 1 branch of the dungeon, and saw 2 of its levels.

You collected 39 gold pieces.

Inventory:

Hand Weapons
 a - a +0 war axe (weapon)
Missiles
 d - 3 throwing nets (quivered)
Armour
 b - a +0 leather armour
 c - a +0 helmet (worn)
 i - a +0 buckler (worn)
 m - a cursed +0 ring mail (worn)
Jewellery
 k - a +2 ring of intelligence (left hand)
Scrolls
 e - a scroll of random uselessness {unknown}
 g - a scroll of identify {unknown}
 l - a scroll of immolation {unknown}
Potions
 h - 3 potions of degeneration {unknown}
 j - a potion of berserk rage {unknown}
Comestibles
 f - a bread ration


   Skills:
 + Level 1.9 Fighting
 + Level 3.4 Axes
 + Level 1.9 Throwing
 + Level 0.2 Armour
 + Level 2.9 Dodging


You had 2 spell levels left.
You didn't know any spells.

Dungeon Overview and Level Annotations

Branches:
Dungeon (2/15)

Altars:
Gozag


Innate Abilities, Weirdness & Mutations

You have extremely sharp teeth.
When hurt, damage is shared between your health and your magic reserves.
Your bite disrupts and absorbs the magic of your enemies.
Potions cannot restore your health.
You are immune to rotting.


Message History

The quokka barely misses you. x2
You slash the quokka!
You kill the quokka!
Found 7 javelins.
A worm comes into view.
The worm bites you.
* * * LOW HITPOINT WARNING * * *
You see here 11 gold pieces.
You barely miss the worm. You bite the worm, but do no damage.
You slash the worm! You bite the worm. You drain its power.
You feel invigorated.
The worm is severely wounded.
The worm bites you but does no damage.
You hit the worm.
The worm is severely wounded.
The worm bites you but does no damage.
You barely miss the worm. You bite the worm, but do no damage.
The worm is severely wounded.
The worm bites you!
You die...

# #..#.....#
###.###.....#
#...#.....# #.
#..#.##
.......###.#
#......
............#
...##.##
..#.........#
###. ## #
.#.(..#####.# #
#..# #.# ## # #
#++ #.####.#..#
# #....@w...# #
#.....#########
###.### #? #


You could see a worm.

Vanquished Creatures
  An adder (D:2)
  2 dart slugs (D:1)
  3 giant cockroaches (D:1)
  6 goblins
  4 hobgoblins
  2 jackals (D:2)
  A quokka (D:2)
  4 bats
  2 frilled lizards
  3 kobolds
  2 rats (D:1)
30 creatures vanquished.

Notes
Turn   | Place    | Note
-------+----------+-------------------------------------------
     0 | D:1      | slep the Vine Stalker Gladiator began the quest for the Orb.
     0 | D:1      | Reached XP level 1. HP: 11/11 MP: 2/2
    85 | D:1      | Reached XP level 2. HP: 13/15 MP: 3/3
   110 | D:1      | Reached skill level 3 in Axes
   289 | D:1      | Reached XP level 3. HP: 14/18 MP: 4/4
   766 | D:2      | Found an opulent altar of Gozag.
   863 | D:2      | Slain by a worm

Vault maps used:
D:1:      dpeg_arrival_erosion, minmay_small_reverse_x
D:2:      minmay_wonky_spiral, gammafunk_temple_overflow_wave,
          old_standard_altar, nicolae_gozag_cash_rules_everything_around_me,
          kennysheep_jessica_study, uniq_sigmund, uniq_terence

Skill      XL: |  1  2 |
---------------+-------+-----
Axes           | 3 |  3.4
Fighting       | |  1.9
Throwing       | |  1.9
Armour         | |  0.2
Dodging        | |  2.9

Action                   || total
-------------------------++-------
Melee: War axe           ||    70
       Bite              ||    18
Armor: Leather armour    ||    22
       Ring mail         ||     4
Dodge: Dodged            ||    56
Block: Buckler           ||     4

Table legend:
 A = Spawn XP
 B = Non-spawn XP
 C = Spawn XP percentage of total XP
 D = Spawn monster count
 E = Non-spawn monster count
 F = Spawn count percentage of total count
 G = Total turns spent on level
                    A         B        C        D         E        F      G
               +---------+---------+-------+---------+---------+-------+---------
         Total |       0 |      66 |   0.0 |       0 |      30 |   0.0 |   863
               +---------+---------+-------+---------+---------+-------+---------
           D:1 |       0 |      39 |   0.0 |       0 |      21 |   0.0 |   658
           D:2 |       0 |      27 |   0.0 |       0 |       9 |   0.0 |   205
               +---------+---------+-------+---------+---------+-------+---------
